 Dungeon Crawl Stone Soup version 0.25-a0-294-gea9b1ad378 (webtiles) character file.

Game seed: 6598125161814333607, levelgen mode: classic

19751 Borgoz the Slicer (level 13, -19/90 HPs)
             Began as a Halfling Monk on Dec 19, 2019.
             Was the Champion of Okawaru.
             Demolished by Rupert
             ... wielding a +2 great mace of crushing
              (26 damage)
             ... on level 12 of the Dungeon.
             The game lasted 00:30:10 (15300 turns).

Borgoz the Slicer (Halfling Monk)                  Turns: 15300, Time: 00:30:11

Health: -19/90     AC: 10    Str: 15    XL:     13   Next: 7%
Magic:  13/17      EV: 22    Int:  8    God:    Okawaru [******]
Gold:   831        SH:  7    Dex: 21    Spells: 16/17 levels left

rFire    . . .     SeeInvis .   a - +6 rapier (speed)
rCold    + + .     Gourm    .   i - +0 buckler
rNeg     . . .     Faith    .   e - +1 ring mail "Uttokh" {*Contam rPois Regen+ Dex+2}
rPois    +         Spirit   .   (no helmet)
rElec    .         Reflect  .   t - scarf {cloud immunity}
rCorr    .         Harm     .   j - +1 pair of gloves
MR       .....                  (no boots)
Stlth    +++.......             (no amulet)
HPRegen  0.65/turn              C - ring of protection from cold
MPRegen  0.15/turn              L - ring of protection from cold

@: very slightly contaminated
A: small, mutation resistance 1
a: Heroism, Finesse, Renounce Religion


You were on level 12 of the Dungeon.
You worshipped Okawaru.
Okawaru was exalted by your worship.
You were hungry.

You visited 3 branches of the dungeon, and saw 16 of its levels.
You also visited: Sewer.

You collected 936 gold pieces.
You spent 105 gold pieces at shops.

Inventory:

Hand Weapons
 a - a +6 rapier of speed (weapon)
 g - a +1 dagger of electrocution
Armour
 e - the +1 ring mail "Uttokh" (worn) {*Contam rPois Regen+ Dex+2}
   (You found it on level 1 of the Lair of Beasts)

   It affects your dexterity (+2).
   It protects you from poison.
   It causes magical contamination when unequipped.
   It increases your rate of regeneration.
 i - a +0 buckler (worn)
 j - a +1 pair of gloves (worn)
 t - a scarf of cloud immunity (worn)
Jewellery
 C - a ring of protection from cold (left hand)
 L - a ring of protection from cold (right hand)
Wands
 h - a wand of flame (49)
 x - a wand of scattershot (7)
 y - a wand of acid (2)
 A - a wand of disintegration (15)
 B - a wand of digging (4)
 D - a wand of iceblast (6)
Scrolls
 d - 12 scrolls of remove curse
 f - 6 scrolls of enchant weapon
 l - 11 scrolls of teleportation
 n - 2 scrolls of blinking
 q - 2 scrolls of fear
 r - a scroll of fog
 v - 3 scrolls of enchant armour
 w - 2 scrolls of magic mapping
 F - a scroll of brand weapon
Potions
 b - a potion of agility
 k - a potion of resistance
 m - 3 potions of cancellation
 o - 6 potions of flight
 p - 3 potions of curing
 s - a potion of lignification
 G - a potion of invisibility
Comestibles
 c - 28 rations


   Skills:
 * Level 8.8 Fighting
 * Level 11.2 Short Blades
 * Level 9.7 Armour
 * Level 10.3 Dodging
 - Level 5.0 Stealth
 + Level 5.8 Shields
 + Level 2.6 Spellcasting
 + Level 2.9 Hexes
 + Level 4.7 Invocations
 + Level 4.3 Evocations


You had 16 spell levels left.
You knew the following spells:

 Your Spells              Type           Power        Failure   Level  Hunger
a - Confusing Touch       Hex            #.....       17%         1    ##.....

Your spell library contained the following spells:

 Spells                   Type           Power        Failure   Level  Hunger
 Animate Skeleton         Necr           N/A          50%         1    ##.....
 Apportation              Tloc           #.....       50%         1    ##.....
 Infusion                 Chrm           #...         50%         1    ##.....
 Summon Small Mammal      Summ           #...         50%         1    ##.....
 Shroud of Golubria       Chrm/Tloc      #.....       65%         2    ###....
 Song of Slaying          Chrm           #.......     65%         2    ###....
 Spectral Weapon          Hex/Chrm       #.......     67%         3    ####...
 Regeneration             Chrm/Necr      #.........   86%         3    ####...


Dungeon Overview and Level Annotations

Branches:
Dungeon (12/15)            Temple (1/1) D:7            Lair (3/6) D:10
  Swamp (0/4) Lair:2       Spider (0/4) Lair:2        Sewer (visited)
    Orc: D:9-12

Altars:
Ashenzari
Cheibriados
Dithmenos
Elyvilon
Fedhas
Gozag
Hepliaklqana
Kikubaaqudgha
Makhleb
Nemelex Xobeh
Okawaru
Qazlal
Ru
Sif Muna
Trog
Uskayaw
Vehumet
Wu Jian
Xom
Yredelemnul
Zin
The Shining One

Shops:
D:5 *   D:8 *   D:12 [

Annotations:
D:12 Rupert


Innate Abilities, Weirdness & Mutations

You are small and have problems with some larger weapons.
You are somewhat resistant to further mutation.


Message History

Your hands begin to glow red.
Rupert hits you with a +2 great mace of crushing!!!
* * * LOW HITPOINT WARNING * * *
x2 Unknown command.
You hit Rupert but do no damage.
Rupert is heavily wounded.
Rupert closely misses you.
You hit Rupert but do no damage.
Rupert appears confused.
Rupert is heavily wounded.
You puncture Rupert!
Rupert is heavily wounded.
Rupert completely misses you.
You completely miss Rupert.
Rupert is heavily wounded.
Rupert rages.
Found a trident.
Rupert rages.
Rupert seems less confused.
Rupert hits you with a +2 great mace of crushing!!
You die...

##########
#........#
######........#
#.............# ##
#)# ##.@...(..# #.
#@# #........# #.
#@####........###.
#.H...#>..........
#####.#.##########
#.... #####. .# #


You could see Rupert (berserk) and a hippogriff.

Vanquished Creatures
  Snorg (D:12)
  A fire dragon (D:11)
  A hydra (Lair:1)
  2 two-headed ogres
  5 skeletal warriors (D:12)
  A swamp dragon (Lair:1)
  2 ugly things
  A cyclops (D:11)
  3 elephants
  Psyche (D:9)
  Joseph (D:10)
  2 rime drakes (Lair:1)
  A hornet (D:9)
  A troll (D:11)
  5 hippogriffs
  6 yaks
  3 hogs (D:10)
  A human (D:10)
  A basilisk (Lair:1)
  A steam dragon (D:11)
  A hungry ghost (D:11)
  2 water moccasins
  5 porcupines
  4 orc warriors
  2 black bears
  4 ice beasts
  A necrophage (D:9)
  3 sky beasts
  5 ogres
  A phantom (D:12)
  2 wolves (Lair:2)
  3 centaurs
  4 crocodiles
  A big kobold (D:11)
  8 bullfrogs
  5 scorpions
  3 killer bees (D:9)
  A howler monkey (D:4)
  12 wights
  4 electric eels (Lair:1)
  5 crimson imps
  2 centaur zombies
  A quasit (D:8)
  A bullfrog zombie (D:11)
  4 orc priests
  5 hounds
  12 orc wizards
  5 jellies
  A bullfrog skeleton (D:10)
  Ijyb (D:5)
  Terence (D:3)
  An iguana (Lair:2)
  12 worker ants
  A killer bee zombie (D:5)
  3 hound skeletons
  2 worker ant zombies
  7 gnolls
  A river rat (D:3)
  13 adders
  3 shadow imps
  4 oozes
  3 adder skeletons
  9 worms
  A dart slug (D:1)
  9 leopard geckos
  30 orcs
  4 ball pythons
  18 bats
  7 giant cockroaches
  10 goblins
  2 hobgoblins
  9 jackals
  10 quokkas
  7 frilled lizards
  13 kobolds
  A leopard gecko skeleton (D:5)
  A leopard gecko zombie (D:9)
  2 quokka skeletons (D:6)
  2 quokka zombies
  5 rats
339 creatures vanquished.

Vanquished Creatures (others)
  A kobold (D:11)
  A plant (Lair:2)
2 creatures vanquished.

Grand Total: 341 creatures vanquished

Notes
Turn   | Place    | Note
-------+----------+-------------------------------------------
     0 | D:1      | Borgoz the Halfling Monk began the quest for the Orb.
     0 | D:1      | Reached XP level 1. HP: 15/15 MP: 1/1
   132 | D:1      | Reached XP level 2. HP: 20/20 MP: 2/2
   528 | D:1      | Reached skill level 4 in Short Blades
   957 | D:2      | Reached skill level 1 in Armour
   957 | D:2      | Reached XP level 3. HP: 25/25 MP: 3/3
  1000 | D:2      | Reached XP level 4. HP: 19/31 MP: 4/4
  1984 | D:3      | Noticed Terence
  1999 | D:3      | Killed Terence
  1999 | D:3      | Reached XP level 5. HP: 36/36 MP: 5/5
  2084 | D:3      | Found a glowing drain.
  2245 | Sewer    | Entered a sewer
  2788 | Sewer    | Reached XP level 6. HP: 42/42 MP: 6/6
  3630 | D:2      | Found a shimmering altar of Xom.
  3954 | D:4      | Reached skill level 5 in Short Blades
  4257 | D:4      | Reached XP level 7. HP: 33/47 MP: 7/7
  4262 | D:4      | Found a stormy altar of Qazlal.
  4489 | D:4      | Found an opulent altar of Gozag.
  4625 | D:4      | Reached skill level 5 in Dodging
  4638 | D:4      | Found a radiant altar of Vehumet.
  4806 | D:5      | Entered Level 5 of the Dungeon
  4876 | D:5      | Found an ancient bone altar of Kikubaaqudgha.
  4905 | D:5      | Found Oxtom's General Store.
  4905 | D:5      | Noticed Ijyb
  4915 | D:5      | Paralysed by Ijyb for 7 turns
  4926 | D:5      | Killed Ijyb
  4943 | D:5      | Bought a scroll of identify for 20 gold pieces
  4943 | D:5      | Bought a scroll of identify for 20 gold pieces
  4943 | D:5      | Bought a scroll of teleportation for 30 gold pieces
  4943 | D:5      | Bought a scroll of magic mapping for 35 gold pieces
  5016 | D:5      | Reached XP level 8. HP: 44/54 MP: 8/8
  5058 | D:5      | Reached skill level 6 in Short Blades
  5367 | D:5      | Found an ornate altar of the Wu Jian Council.
  5500 | D:5      | Got a bloodstained scale mail
  5511 | D:5      | Identified the +4 scale mail of the Planets {rPois rN+++
                  | Str-2 Stlth-} (You found it on level 5 of the Dungeon)
  6358 | D:6      | Reached skill level 1 in Shields
  6362 | D:6      | Reached skill level 5 in Fighting
  7025 | D:7      | Found a glowing golden altar of the Shining One.
  7245 | D:7      | Reached skill level 5 in Armour
  7245 | D:7      | Reached XP level 9. HP: 51/61 MP: 9/9
  7344 | D:7      | Reached skill level 7 in Short Blades
  7391 | D:7      | Got a scorched leather armour
  7402 | D:7      | Identified the cursed +0 leather armour of Filth {Int+4
                  | Dex+2} (You found it on level 7 of the Dungeon)
  7477 | D:7      | Found a staircase to the Ecumenical Temple.
  7515 | Temple   | Entered the Ecumenical Temple
  7742 | Temple   | Became a worshipper of Warmaster Okawaru
  7742 | Temple   | Reached * piety under Okawaru
  7742 | Temple   | Reached ** piety under Okawaru
  7793 | D:7      | Noticed a hippogriff
  7800 | D:7      | Killed a hippogriff
  7937 | D:7      | Reached skill level 5 in Stealth
  8386 | D:8      | Found a basalt altar of Yredelemnul.
  8408 | D:8      | Reached *** piety under Okawaru
  8460 | D:8      | Reached skill level 8 in Short Blades
  8506 | D:8      | Reached XP level 10. HP: 33/68 MP: 10/10
  8852 | D:8      | Found Weus Uqa's Mass Market.
  8886 | D:8      | Found a burning altar of Makhleb.
  8899 | D:8      | Found a shattered altar of Ashenzari.
  8901 | D:8      | Found a sacrificial altar of Ru.
  9044 | D:9      | Paralysed by a hornet for 3 turns
  9397 | D:9      | Reached skill level 1 in Invocations
  9397 | D:9      | Reached skill level 1 in Evocations
  9642 | D:9      | Noticed Psyche
  9652 | D:9      | Killed Psyche
  9652 | D:9      | Reached **** piety under Okawaru
  9743 | D:9      | Noticed a two-headed ogre
  9759 | D:9      | Killed a two-headed ogre
  9759 | D:9      | Reached skill level 9 in Short Blades
  9825 | D:9      | Found a hazy altar of Hepliaklqana.
  9938 | D:9      | Learned a level 1 spell: Confusing Touch
 10142 | D:10     | Entered Level 10 of the Dungeon
 10243 | D:10     | Reached XP level 11. HP: 56/75 MP: 12/12
 10464 | D:10     | Reached ***** piety under Okawaru
 10604 | D:10     | Noticed Joseph
 10630 | D:10     | Killed Joseph
 10630 | D:10     | Received a gift from Okawaru
 10630 | D:10     | Reached skill level 1 in Spellcasting
 10630 | D:10     | Reached skill level 1 in Hexes
 10762 | D:10     | Found a staircase to the Lair.
 11037 | D:10     | Found a glowing golden altar of the Shining One.
 11153 | D:11     | Noticed a brown ugly thing
 11204 | D:11     | Killed a brown ugly thing
 11643 | D:11     | Noticed a fire dragon
 11718 | Lair:1   | Entered Level 1 of the Lair of Beasts
 12830 | Lair:1   | Reached skill level 10 in Short Blades
 13388 | Lair:1   | Got a smoking ring mail
 13399 | Lair:1   | Identified the +1 ring mail "Uttokh" {*Contam rPois Regen+
                  | Dex+2} (You found it on level 1 of the Lair of Beasts)
 13477 | Lair:2   | Found a staircase to the Swamp.
 13478 | Lair:2   | Noticed a swamp dragon
 13510 | Lair:1   | Killed a swamp dragon
 13665 | Lair:2   | Noticed an elephant
 13668 | Lair:2   | Noticed an elephant
 13669 | Lair:2   | Noticed an elephant
 13671 | Lair:2   | Noticed an elephant
 13673 | Lair:2   | Noticed an elephant
 13687 | Lair:2   | Killed an elephant
 13705 | Lair:2   | Killed an elephant
 13737 | Lair:1   | Killed an elephant
 13737 | Lair:1   | Reached skill level 5 in Shields
 13737 | Lair:1   | Reached XP level 12. HP: 26/82 MP: 14/14
 13863 | Lair:2   | Noticed an eight-headed hydra
 13881 | Lair:1   | Killed an eight-headed hydra
 13881 | Lair:1   | Received a gift from Okawaru
 14024 | Lair:2   | Found a hole to the Spider Nest.
 14088 | Lair:3   | Found a radiant altar of Vehumet.
 14293 | D:11     | Found a shimmering blue altar of Sif Muna.
 14634 | D:11     | Killed a fire dragon
 14788 | D:12     | Reached ****** piety under Okawaru
 14809 | D:12     | Received a gift from Okawaru
 14919 | D:12     | Noticed a skeletal warrior
 14923 | D:12     | Found Besm's Antique Armour Shoppe.
 14923 | D:12     | Noticed a skeletal warrior
 14923 | D:12     | Noticed a skeletal warrior
 14923 | D:12     | Noticed a skeletal warrior
 14924 | D:12     | Noticed a skeletal warrior
 14945 | D:12     | Killed a skeletal warrior
 14945 | D:12     | Reached skill level 10 in Dodging
 14973 | D:12     | Killed a skeletal warrior
 14993 | D:12     | Killed a skeletal warrior
 14993 | D:12     | Reached skill level 11 in Short Blades
 15002 | D:12     | Killed a skeletal warrior
 15024 | D:12     | Killed a skeletal warrior
 15210 | D:12     | Noticed Snorg
 15235 | D:12     | Killed Snorg
 15235 | D:12     | Received a gift from Okawaru
 15235 | D:12     | Reached XP level 13. HP: 81/89 MP: 14/16
 15265 | D:12     | Noticed Rupert
 15293 | D:12     | HP: 4/90 [Rupert/+2 great mace of crushing (11)]
 15300 | D:12     | Demolished by Rupert

Levels and vault maps discovered:
D:1:      tarquinn_simple_flora_water_b, layout_basic, columned_hall_lemuel
D:2:      wad_crossroads, layout_basic, nicolae_overflow_hidden_temple,
          first_ration
D:3:      layout_loops_cross, portal_sewer_entry_b, kennysheep_generic_room_11,
          uniq_terence
D:4:      layout_loops_cross, kennysheep_mini, vehumet_altar_wand_db,
          old_standard_altar
D:5:      layout_basic, overflow_temple_1_default, lemuel_round_altar,
          serial_shops, shop, uniq_ijyb
D:6:      layout_basic
D:7:      layout_loops_ring, minmay_temple_entry_steel_oval, basic_altar
D:8:      layout_cave_pools, yredelemnul_altar_generic, minitemple,
          minmay_shop_mass
D:9:      layout_basic, marbit_many_paths, uniq_psyche
D:10:     layout_rooms, grunt_lair_entry_orc_guard_hut, basic_altar,
          grunt_livestock, uniq_joseph
D:11:     dragon1_lemuel, layout_rooms, basic_altar
D:12:     layout_basic, hiddenorc1_lemuel, serial_shops, shop, uniq_rupert,
          uniq_snorg
Temple:   minmay_temple_curvy_loop
Lair:1:   layout_chaotic_city, st_stairs_7, disabler_island,
          serial_bayou_shore_a, grunt_megastairs_3
Lair:2:   layout_hall_layers, minmay_swamp_entry_reptiles,
          nicolae_spider_entry_non_spiders
Lair:3:   layout_cave_shapes, gammafunk_ghost_necromancy, basic_altar,
          lemuel_centaur_altar, grunt_megastairs_5, serial_bayou_shore_b,
          minmay_lair_oklob_chamber

Skill      XL: |  1  2  3  4  5  6  7  8  9 10 11 12 |
---------------+-------------------------------------+-----
Short Blades   | 4 5 6 8 9 10 11 | 11.2
Armour         | 1 2 3 5 6 7 8 9 |  9.7
Fighting       | 3 4 5 6 7 8 |  8.8
Dodging        | 4 5 6 7 8 9 10 | 10.3
Stealth        | 3 4 5 |  5.0
Shields        | 1 3 4 5 |  5.8
Invocations    | 2 3 4 |  4.7
Evocations     | 2 3 4 |  4.3
Spellcasting   | 1 2 |  2.6
Hexes          | 1 2 |  2.9

Action                   |  1- 3 |  4- 6 |  7- 9 | 10-12 | 13-15 || total
-------------------------+-------+-------+-------+-------+-------++-------
Melee: Short sword       |    23 |       |       |       |       ||    23
       Dagger            |    23 |   292 |   446 |   317 |       ||  1078
       Rapier            |       |       |       |   580 |    18 ||   598
 Cast: Confusing Touch   |       |       |       |    15 |     4 ||    19
Invok: Heroism           |       |       |       |     6 |       ||     6
Evoke: Wand              |       |       |     4 |    35 |     1 ||    40
  Use: Potion            |       |     2 |     4 |     3 |     1 ||    10
       Scroll            |       |       |    13 |     7 |       ||    20
 Stab: Sleeping          |     2 |    13 |     2 |       |       ||    17
       Invisible         |       |       |     4 |     1 |       ||     5
       Confused          |       |       |       |    19 |     2 ||    21
  Eat: Chunk             |       |    11 |    13 |    20 |       ||    44
       Ration            |       |       |       |     1 |       ||     1
Armor: Robe              |     5 |    70 |    16 |       |       ||    91
       Scale mail        |       |       |    84 |    81 |       ||   165
       Ring mail         |       |       |       |    50 |     1 ||    51
Dodge: Dodged            |    34 |   338 |   274 |   395 |     8 ||  1049
Block: Buckler           |       |       |    83 |   153 |     1 ||   237

Table legend:
 A = Non-vault XP
 B = Vault XP
 C = Vault XP percentage of total XP
 D = Non-vault monster count
 E = Vault monster count
 F = Vault count percentage of total count
                 A         B        C        D         E       F
            +---------+---------+-------+---------+---------+-------
      Total |   21016 |    7201 |  25.5 |     267 |      72 |  21.2
            +---------+---------+-------+---------+---------+-------
        D:1 |      28 |       0 |   0.0 |      14 |       0 |   0.0
        D:2 |      94 |       5 |   5.1 |      25 |       4 |  13.8
        D:3 |     121 |      77 |  38.9 |      24 |       7 |  22.6
        D:4 |     347 |       2 |   0.6 |      14 |       1 |   6.7
        D:5 |     447 |      36 |   7.5 |      23 |       1 |   4.2
        D:6 |     539 |       0 |   0.0 |      14 |       0 |   0.0
        D:7 |    1088 |       0 |   0.0 |      23 |       0 |   0.0
        D:8 |    1435 |       0 |   0.0 |      30 |       0 |   0.0
        D:9 |    2289 |     476 |  17.2 |      18 |       1 |   5.3
       D:10 |    1269 |    1954 |  60.6 |      12 |      11 |  47.8
       D:11 |    2983 |    1065 |  26.3 |      32 |       1 |   3.0
       D:12 |    5870 |    1190 |  16.9 |      22 |       1 |   4.3
     Lair:1 |    2940 |    1443 |  32.9 |       9 |       7 |  43.8
     Lair:2 |    1566 |     495 |  24.0 |       7 |      10 |  58.8
     Lair:3 |       0 |     391 | 100.0 |       0 |       2 | 100.0
      Sewer |       0 |      67 | 100.0 |       0 |      26 | 100.0
            +---------+---------+-------+---------+---------+-------
